Cogmind - Beta 15 @@@ ROGUE MODE // 2025.07.04 @ 02:28:50 Player: Johnny5001 Result: Escaped! Performance ------------- Evolutions (9) 4500 Regions Visited (22) 4400 Robots Destroyed (86) 430 Value Destroyed (2944) 2944 Prototype IDs (80) 1600 Alien Tech Used (2) 400 Bonus (8481) 8481 TOTAL SCORE: 22755 Bonus ------- Follower Combat Kills 381 Network Hubs Disabled 200 Registered with UFD 300 Met Data Miner 300 Met Zhirov 300 Acquired SGEMP 2000 Delivered SGEMP 2000 Win 3000 Cogmind --------- Core Integrity 1049/1600 Matter 300/300 Energy 24/100 System Corruption 6% Temperature Cool (2) Movement Flying (40) Location To Epsilon Eridani Parts ------- > --- POWER (2) -------- (None) > --- PROPULSION (6) --- Combat Linear Gravjet Nuclear Pulse Array > --- UTILITY (15) ----- Spectral Analyzer Advanced Sensor Array Advanced Signal Interpreter IFF Parser Surveybot 17 Chip Makeshift Hacking Suite Makeshift Hacking Suite Improved Hacking Suite Advanced Hacking Suite Advanced Hacking Suite A0-MCA's Component Scanner > --- WEAPON (2) ------- (None) > --- INVENTORY (5) ---- Light Quantum Reactor IFF Parser Advanced Remote Datajack Peak State ------------ > --- POWER ------------ Compact Particle Reactor > --- PROPULSION ------- Combat Linear Gravjet Combat Linear Gravjet Nuclear Pulse Array Nuclear Pulse Array > --- UTILITY ---------- Spectral Analyzer Advanced Sensor Array Advanced Signal Interpreter IFF Parser Surveybot 17 Chip Improved Reaction Control System Experimental Propulsion Shielding Experimental Propulsion Shielding Makeshift Hacking Suite Makeshift Hacking Suite Improved Hacking Suite Advanced Hacking Suite Advanced Hacking Suite A0-MCA's Component Scanner > --- WEAPON ----------- Enhanced Force Lance > --- INVENTORY -------- Light Quantum Reactor IFF Parser Transdimensional Reconstructor Advanced Remote Datajack [Rating: 144] Favorites ----------- Power Fission Core Engine Light Angular Momentum Engine Power Core Fission Core Reactor Light Antimatter Reactor Propulsion Shield Leg Treads Light Treads Leg Shield Leg Wheel Compact Wheel Hover Unit Combat Linear Gravjet Flight Unit Field Propulsion Array Utility Large Storage Unit Device IFF Parser Storage Large Storage Unit Processor Advanced Melee Analysis Suite Hackware Makeshift Hacking Suite Protection Enhanced Scrap Shield Weapon Heavy Flail Energy Gun Medium Laser Energy Cannon Beam Cannon Ballistic Gun Assault Rifle Launcher Improved Proton Missile Launcher Special Weapon Remote Datajack Impact Weapon Heavy Flail Slashing Weapon Scythe Piercing Weapon Spear Special Melee Weapon Dirty Datajack Build | -11 -10 -10 -8 -6 -6 -6 -6 -5 -5 -5 -5 -5 -4 -4 -4 -4 -4 -4 -3 -3 -2 -1 ------- Run | Yrd Mat Sub Scr Fac Low Low Dat Pro Fac Upp Upp Zhi Pro Fac Ext Cet Arc Hub Res Tes Res Acc Slots Evolved 18 | . . . . 8 . . . . 2 . . . . 2 . . . . 2 . 2 2 Power 1 | . . . . 1 . . . . . . . . . . . . . . . . . . Propulsion 4 | . . . . 3 . . . . . . . . . . . . . . 1 . . . Utility 13 | . . . . 4 . . . . 2 . . . . 2 . . . . 1 . 2 2 Weapon . | . . . . . . . . . . . . . . . . . . . . . . . Parts Attached 125 | 6 7 1 9 23 3 4 . 1 26 4 . 1 1 10 3 1 1 2 4 5 7 6 Power 20 | 1 1 . 2 6 . 1 . . 5 . . . . 1 1 . . . . . 1 1 Engine 14 | 1 1 . . 5 . 1 . . 5 . . . . 1 . . . . . . . . Core 4 | . . . 2 1 . . . . . . . . . . . . . . . . . 1 Reactor 2 | . . . . . . . . . . . . . . . 1 . . . . . 1 . Propulsion 27 | 2 . . 2 6 . 2 . . 7 . . . 1 2 . . . . 1 1 3 . Treads 6 | 2 . . . . . . . . 4 . . . . . . . . . . . . . Leg 7 | . . . . 4 . 2 . . 1 . . . . . . . . . . . . . Wheel 5 | . . . 2 2 . . . . 1 . . . . . . . . . . . . . Hover 2 | . . . . . . . . . . . . . . . . . . . . . 2 . Flight 7 | . . . . . . . . . 1 . . . 1 2 . . . . 1 1 1 . Utility 53 | 1 1 1 1 11 3 . . . 12 2 . 1 . 6 . 1 1 2 1 3 3 3 Device 16 | . . . 1 4 2 . . . 2 . . . . 2 . . . 1 . 1 1 2 Storage 3 | 1 1 . . 1 . . . . . . . . . . . . . . . . . . Processor 14 | . . . . 5 . . . . 5 1 . . . 1 . . . 1 1 . . . Hackware 12 | . . . . . . . . . 5 1 . 1 . 1 . . 1 . . 1 1 1 Protection 8 | . . 1 . 1 1 . . . . . . . . 2 . 1 . . . 1 1 . Artifact . | . . . . . . . . . . . . . . . . . . . . . . . Weapon 25 | 2 5 . 4 . . 1 . 1 2 2 . . . 1 2 . . . 2 1 . 2 Energy Gun 1 | 1 . . . . . . . . . . . . . . . . . . . . . . Energy Cannon 1 | . 1 . . . . . . . . . . . . . . . . . . . . . Ballistic Gun 4 | 1 3 . . . . . . . . . . . . . . . . . . . . . Ballistic Cannon . | . . . . . . . . . . . . . . . . . . . . . . . Launcher 2 | . 1 . . . . 1 . . . . . . . . . . . . . . . . Special Weapon 2 | . . . . . . . . 1 . . . . . . . . . . . 1 . . Impact Weapon 4 | . . . 2 . . . . . 2 . . . . . . . . . . . . . Slashing Weapon 4 | . . . 1 . . . . . . . . . . . 1 . . . . . . 2 Piercing Weapon 5 | . . . 1 . . . . . . . . . . 1 1 . . . 2 . . . Special Melee Weapon 2 | . . . . . . . . . . 2 . . . . . . . . . . . . Unidentified Prototypes 3 | . . . . . 1 . . . . . . 1 . . . . . . . . . 1 Corrupted Parts 1 | . . . . . . 1 . . . . . . . . . . . . . . . . System Corruption 10 | . . . . . . 10 . . . . . . . . . . . . . . . . Parts Lost 40 | . 1 . . 5 . . . 1 8 . 2 . . 1 1 2 . . 1 7 1 10 Power 8 | . 1 . . 1 . . . . 2 . . . . . 1 . . . . 1 . 2 Propulsion 11 | . . . . 3 . . . . 3 . . . . . . . . . . 3 . 2 Utility 17 | . . . . 1 . . . 1 2 . 1 . . 1 . 2 . . 1 3 1 4 Weapon 4 | . . . . . . . . . 1 . 1 . . . . . . . . . . 2 Highest Loss Streak 6 | . 1 . . 2 . . . 1 4 . 2 . . 1 1 2 . . 1 6 1 5 To Critical Strikes 1 | . 1 . . . . . . . . . . . . . . . . . . . . . Average Backups 9 | 3 8 5 12 12 12 12 12 11 12 4 4 4 5 4 5 5 5 4 4 4 2 3 Power . | . . . 1 1 . . . . 1 1 1 1 1 . . . . . . . . 1 Propulsion . | 2 4 . . . 1 . . . . . . . . 1 1 1 1 1 1 . . . Utility 5 | . 1 2 6 7 8 10 10 9 8 1 2 2 2 . 2 2 2 2 1 . . . Weapon 1 | . 2 2 3 1 1 1 1 1 1 2 1 . . . . . . . . . . . Tool/Special . | . . . . . . . . . . . . . . . . . . . . . . . Unused Backups 23 | . 1 7 4 1 . 2 . . 2 1 . . . 2 . . . 1 . . . 2 Power 1 | . . . . . . . . . . . . . . . . . . . . . . 1 Propulsion 6 | . . 5 . . . . . . . . . . . 1 . . . . . . . . Utility 12 | . . 2 2 1 . 1 . . 2 1 . . . 1 . . . 1 . . . 1 Weapon 3 | . 1 . 2 . . . . . . . . . . . . . . . . . . . Tool/Special 1 | . . . . . . 1 . . . . . . . . . . . . . . . . Average Slot Usage (%) 86 | . 98 86 87 89 87 90 93 92 89 55 61 54 63 82 88 80 82 83 78 77 72 68 Engine 5 | . 14 14 2 3 6 6 6 6 8 . . . . 7 6 . . . . . . . Core 4 | . . . 10 6 6 6 6 6 1 . . . . . . . . . . . . 1 Treads 5 | . 28 28 11 . . . . . 4 . . . . . . . . . . . . . Leg 9 | . . . . 13 20 28 33 33 19 . . . . . . . . . . . . . Wheel 5 | . . . 16 11 6 1 . . 1 . . . . . . . . . . . . . Flight 2 | . . . . . . . . . . 5 5 5 10 13 15 15 15 14 13 13 7 7 Device 5 | . . . 4 7 6 5 6 5 10 4 4 . . 5 10 5 4 8 8 8 6 6 Storage 7 | . 26 2 13 6 6 6 6 6 4 . . . . . . . . . . . . . Processor 12 | . . . . 23 16 13 13 13 13 28 23 23 23 20 15 15 15 20 19 19 17 16 Hackware 5 | . . . . . . . . . 6 12 17 19 23 22 21 21 25 21 19 19 19 21 Protection 2 | . . 13 . . 4 6 6 6 1 . . . . 2 5 7 5 . 3 2 7 4 Ballistic Gun 2 | . 25 14 2 . . . . . . . . . . . . . . . . . . . Impact Weapon 5 | . . . 1 12 13 12 13 9 10 . 1 5 5 5 . . . . . . . . Slashing Weapon 2 | . . . 10 . . . . . . . . . . . 3 . . . . . . . Piercing Weapon 3 | . . . 9 . . . . . . . . . . 3 5 10 10 10 9 6 2 1 Peak Build Rating 144 | 6 8 10 19 66 67 74 73 74 81 63 62 55 59 109 110 105 110 114 129 133 141 144 Average Rating 57 | 4 7 8 14 52 65 71 73 73 74 54 58 51 58 97 106 101 109 113 123 126 124 122 On Entrance 66 | . 6 8 9 19 61 67 73 73 73 53 62 47 55 59 102 105 99 110 114 124 85 134 Naked Turns . | . . . . . . . . . . . . . . . . . . . . . . . Heaviest Build 70 | 12 33 33 32 54 60 69 64 65 70 7 10 3 3 33 37 29 27 27 32 33 25 26 Greatest Support 100 | 40 40 40 40 80 65 100 100 100 100 7 7 7 15 37 37 37 37 37 43 43 26 28 Greatest Overweight (x) 4 | . . . 1 2 . . . . 4 . 1 . . . . . . . . . . 2 Average Overweight (x) . | . . . . . . . . . . . . . . . . . . . . . . . Largest Inventory Capacity 15 | 8 15 15 15 15 15 15 15 15 15 5 5 5 5 5 5 5 5 5 5 5 5 5 Average Capacity 12 | 7 14 5 14 15 15 15 15 15 14 5 5 5 5 5 5 5 5 5 5 5 5 5 Most Carried 15 | 6 11 11 15 15 15 15 15 15 15 5 5 5 5 5 5 5 5 5 5 5 5 4 Average Carried 11 | 4 8 5 13 14 14 14 15 14 14 4 4 4 5 4 5 5 4 4 4 4 4 3 Final Capacity 15 | 8 15 5 15 15 15 15 15 15 5 5 5 5 5 5 5 5 5 5 5 5 5 5 Final Carried 15 | 6 11 5 15 15 15 15 15 13 5 5 4 5 5 5 5 5 5 5 5 5 5 3 Class Distribution -------------------- 28% | Mutant 15% | Commander-Gladiator 12% | Derelict-Gladiator 10% | Hacker-Scout 7% | Scavenger-Gladiator 6% | Hacker-Mutant 6% | Derelict-Mutant 4% | Gladiator 3% | Wizard-Scout Dominant Class ---------------- Mutant | -10/Materials Mutant | -10/Subcaves Mutant | -8/Scraptown Gladiator | -6/Factory Commander-Gladiator | -6/Lower Caves Commander-Gladiator | -6/Lower Caves Derelict-Gladiator | -6/Data Miner Derelict-Gladiator | -5/Proximity Caves Scavenger-Gladiator | -5/Factory Hacker-Mutant | -5/Upper Caves Hacker-Mutant | -5/Upper Caves Hacker-Mutant | -5/Zhirov Hacker-Mutant | -4/Proximity Caves Hacker-Scout | -4/Factory Hacker-Scout | -4/Extension Hacker-Mutant | -4/Cetus Wizard-Scout | -4/Archives Hacker-Scout | -4/Hub_04(d) Hacker-Scout | -3/Research Hacker-Scout | -3/Testing Wizard-Scout | -2/Research Wizard-Scout | -1/Access Resources | -11 -10 -10 -8 -6 -6 -6 -6 -5 -5 -5 -5 -5 -4 -4 -4 -4 -4 -4 -3 -3 -2 -1 ----------- Run | Yrd Mat Sub Scr Fac Low Low Dat Pro Fac Upp Upp Zhi Pro Fac Ext Cet Arc Hub Res Tes Res Acc Matter Collected 2550 | 242 275 27 355 475 40 123 . 105 320 120 60 39 10 93 51 . 20 40 . 6 35 114 Remotely . | . . . . . . . . . . . . . . . . . . . . . . . Salvage Created 4547 | . 444 . . 861 . 195 . 948 1267 . 25 183 . 273 98 . 39 72 . 18 35 89 Parts 149 | . 38 . . 26 . 8 . 9 27 . 1 2 . 7 7 . 4 7 . 2 1 10 Haulers Intercepted 3 | . . . . 1 . . . . 1 . . . . 1 . . . . . . . . Recyclers Shooed 3 | . 2 . . . . . . . 1 . . . . . . . . . . . . . Parts Field Recycled . | . . . . . . . . . . . . . . . . . . . . . . . Retrieved Matter . | . . . . . . . . . . . . . . . . . . . . . . . Parts Self-Destructed 36 | . . 7 . . . 13 . 15 . . 1 . . . . . . . . . . . Prevented 7 | . . . . . 1 1 . . . 3 . 2 . . . . . . . . . . Kills | -11 -10 -10 -8 -6 -6 -6 -6 -5 -5 -5 -5 -5 -4 -4 -4 -4 -4 -4 -3 -3 -2 -1 ------- Run | Yrd Mat Sub Scr Fac Low Low Dat Pro Fac Upp Upp Zhi Pro Fac Ext Cet Arc Hub Res Tes Res Acc Combat Hostiles Destroyed 56 | . 14 . . 16 . 4 . 1 17 . 1 . . . 1 . . . . . . 2 Melee 17 | . . . . 7 . . . 1 6 . . . . . 1 . . . . . . 2 Guns 9 | . 9 . . . . . . . . . . . . . . . . . . . . . AOE 15 | . 5 . . 2 . 4 . . 3 . 1 . . . . . . . . . . . Classes Destroyed 16 | . 6 . . 5 . 1 . 1 2 . . . . . . . . . . . . 1 Worker 7 | . . . . 2 . . . . 2 . . . . . . . . 2 . 1 . . Builder 1 | . . . . 1 . . . . . . . . . . . . . . . . . . Tunneler 3 | . 2 . . . . . . . . . . . . . . . . . . . 1 . Hauler 3 | . . . . 1 . . . . 1 . . . . 1 . . . . . . . . Recycler 4 | . . . . . . . . . 3 . . . . 1 . . . . . . . . Minesweeper 1 | . . . . . . 1 . . . . . . . . . . . . . . . . Mechanic 2 | . 1 . . . . . . . . . . . . . . . . . . . 1 . Operator 3 | . 1 . . . . . . . . . . . . . . . 1 1 . . . . Watcher 6 | . 2 . . 1 . . . . . . . . . 1 2 . . . . . . . Swarmer 19 | . 5 . . 3 . 4 . . 5 . 1 . . . 1 . . . . . . . Cutter 2 | . . . . . . . . . . . . . . . . . . . . . . 2 Grunt 26 | . 9 . . 9 . . . . 8 . . . . . . . . . . . . . Sentry 2 | . . . . 1 . . . . 1 . . . . . . . . . . . . . Hunter 1 | . . . . . . . . . 1 . . . . . . . . . . . . . Programmer 5 | . . . . 3 . . . . 2 . . . . . . . . . . . . . Behemoth 1 | . . . . . . . . 1 . . . . . . . . . . . . . . Best Kill Streak 10 | . 7 . . 5 . 4 . 1 10 . 1 . . 1 1 . 1 2 . 1 2 1 Combat Bots Only 9 | . 3 . . 5 . 4 . 1 9 . 1 . . . 1 . . . . . . 1 Max Kills in Single Turn 3 | . 3 . . 2 . 2 . 1 3 . 1 . . 1 1 . 1 1 . 1 1 1 Gunslinging . | . . . . . . . . . . . . . . . . . . . . . . . Exploded 3 | . 2 . . 2 . 2 . . 3 . 1 . . . . . . . . . . . Melee 1 | . . . . 1 . . . 1 1 . . . . . 1 . . . . . . 1 Uniques/NPCs Destroyed . | . . . . . . . . . . . . . . . . . . . . . . . Combat | -11 -10 -10 -8 -6 -6 -6 -6 -5 -5 -5 -5 -5 -4 -4 -4 -4 -4 -4 -3 -3 -2 -1 -------- Run | Yrd Mat Sub Scr Fac Low Low Dat Pro Fac Upp Upp Zhi Pro Fac Ext Cet Arc Hub Res Tes Res Acc Hostile Shots Fired 567 | . 67 . . 77 . 2 . 36 93 . 39 . 8 17 24 11 3 . 4 58 2 126 Missed 232 | . 17 . . 22 . 1 . 12 22 . 19 . 4 6 13 8 3 . 1 28 1 75 Hits 335 | . 50 . . 55 . 1 . 24 71 . 20 . 4 11 11 3 . . 3 30 1 51 Melee 8 | . . . . . . . . . . . . . . . . . . . . . . 8 Projectile 327 | . 50 . . 55 . 1 . 24 71 . 20 . 4 11 11 3 . . 3 30 1 43 AOE 3 | . . . . . . . . . . . . . . . . . . . . . . 3 Critical Strikes 20 | . 1 . . 4 . . . 1 1 . . . . . . . . . . 5 . 8 Actively Blocked 5 | . . . . 1 . . . . . . . . . . . . . . . 1 . 3 Part Disruptions 1 | . . . . . . . . . . . . . . . . . . . . 1 . . Damage Taken 6697 | . 508 . . 824 . 25 . 588 1331 . 300 . 69 211 235 88 . . 170 731 24 1593 Core 1298 | . 117 . . 101 . . . 25 100 . 158 . 59 18 73 . . . . 165 . 482 Absorbed by Shields 85 | . . . . 55 . . . . . . . . . . 30 . . . . . . . Redirected to Shielding 631 | . . . . 9 . . . 97 . . . . . . 67 44 . . 92 49 . 273 Regen/Repaired (Parts) 50 | . . . . . . . . . 50 . . . . . . . . . . . . . Core Remaining (%) 81 | 100 . . 53 . . . . 85 . . . . 68 . . . . 92 . 87 100 65 Volleys Fired 75 | . 66 . . 2 . 2 . 2 1 . 1 . . . . . . . . 1 . . Largest 2 | . 2 . . 1 . 1 . 1 1 . 1 . . . . . . . . 1 . . Hottest 80 | . 80 . . 30 . 43 . 5 43 . 43 . . . . . . . . 10 . . Shots Fired 135 | . 125 . . 2 . 3 . 2 1 . 1 . . . . . . . . 1 . . Gun 114 | . 114 . . . . . . . . . . . . . . . . . . . . . Cannon 6 | . 6 . . . . . . . . . . . . . . . . . . . . . Launcher 12 | . 5 . . 2 . 3 . . 1 . 1 . . . . . . . . . . . Special 3 | . . . . . . . . 2 . . . . . . . . . . . 1 . . Kinetic 114 | . 114 . . . . . . . . . . . . . . . . . . . . . Thermal 6 | . 6 . . . . . . . . . . . . . . . . . . . . . Explosive 7 | . 5 . . 2 . . . . . . . . . . . . . . . . . . Electromagnetic 5 | . . . . . . 3 . . 1 . 1 . . . . . . . . . . . Robot Hit Streak 17 | . 17 . . . . . . 9 . . . . . . . . . . . 1 . . Robot Miss Streak 5 | . 5 . . . . . . . 1 . 2 . . . . . . . . . . . Penetration Max . | . . . . . . . . . . . . . . . . . . . . . . . Secondary Targets 1 | . 1 . . . . . . . . . . . . . . . . . . . . . Max Gunslinging Chain 1 | . 1 . . . . . . . . . . . . . . . . . . . . . Shots Hit Robots 201 | . 67 . . 39 . 2 . 22 47 . . 4 . 3 3 . 2 4 . 4 2 2 Core Hits 93 | . 40 . . 13 . 8 . 2 11 . 1 . . 3 3 . . 2 . 2 1 7 Critical Kills 3 | . . . . 1 . . . . 2 . . . . . . . . . . . . . Critical Parts Destroyed 18 | . . . . 8 . . . 3 6 . . 1 . . . . . . . . . . Critical Strikes 21 | . . . . 9 . . . 3 8 . . 1 . . . . . . . . . . Smash 21 | . . . . 9 . . . 3 8 . . 1 . . . . . . . . . . Melee Attacks 290 | . . . . 71 1 2 . 23 68 1 3 4 2 27 5 . 19 10 6 18 19 11 Impact 185 | . . . . 71 1 2 . 23 68 1 3 4 2 10 . . . . . . . . Slashing 6 | . . . . . . . . . . . . . . . 1 . . . . . . 5 Piercing 99 | . . . . . . . . . . . . . . 17 4 . 19 10 6 18 19 6 Sneak Attacks 25 | . . . . 6 . 1 . . 8 . . . . 2 . . 2 3 . 1 2 . Combat Hostiles 3 | . . . . 2 . . . . 1 . . . . . . . . . . . . . Follow-up Attacks 14 | . . . . 3 . . . 1 10 . . . . . . . . . . . . . Damage Inflicted 10356 | . 1414 . . 2147 . 405 . 1668 2959 . 42 377 . 281 161 . 203 282 . 183 143 91 Guns 722 | . 722 . . . . . . . . . . . . . . . . . . . . . Cannons 53 | . 53 . . . . . . . . . . . . . . . . . . . . . Explosions 1091 | . 639 . . 95 . 196 . . 119 . 42 . . . . . . . . . . . Melee 8460 | . . . . 2052 . 209 . 1668 2840 . . 377 . 281 161 . 203 282 . 183 143 61 Ramming 30 | . . . . . . . . . . . . . . . . . . . . . . 30 Kinetic 722 | . 722 . . . . . . . . . . . . . . . . . . . . . Thermal 118 | . 58 . . . . 60 . . . . . . . . . . . . . . . . Explosive 442 | . 347 . . 95 . . . . . . . . . . . . . . . . . . Electromagnetic 584 | . 287 . . . . 136 . . 119 . 42 . . . . . . . . . . . Impact 7346 | . . . . 2052 . 209 . 1668 2840 . . 377 . 200 . . . . . . . . Slashing 28 | . . . . . . . . . . . . . . . . . . . . . . 28 Piercing 1086 | . . . . . . . . . . . . . . 81 161 . 203 282 . 183 143 33 Highest Corruption 10 | . . . . 5 5 10 10 10 4 4 4 4 4 . . . . . . 4 . 6 Average Corruption 5 | . . . . 2 3 10 10 10 3 4 4 4 4 . . . . . . 2 . 4 Corruption Purged 5 | . . . . . 5 . . . . . . . . . . . . . . . . . Corruption Blocked . | . . . . . . . . . . . . . . . . . . . . . . . Effects 116 | . . . . 16 2 26 3 21 25 3 12 3 2 . . . . . . 1 . 2 Message Errors 36 | . . . . 4 . 7 2 7 8 1 3 1 1 . . . . . . 1 . 1 Matter Fused 34 | . . . . 3 . 7 1 7 8 . 7 . 1 . . . . . . . . . Heat Flow Errors 10 | . . . . 1 . . . 2 5 1 . 1 . . . . . . . . . . Energy Discharges 12 | . . . . 4 . 5 . 2 . . 1 . . . . . . . . . . . Parts Fused 1 | . . . . . . 1 . . . . . . . . . . . . . . . . Data Loss (minor) 14 | . . . . 2 1 3 . 2 3 1 1 1 . . . . . . . . . . Data Loss (major) 4 | . . . . 1 . . . 1 1 . . . . . . . . . . . . 1 Misfires 1 | . . . . . . 1 . . . . . . . . . . . . . . . . Alerts 3 | . . . . 1 1 1 . . . . . . . . . . . . . . . . Misdirections 1 | . . . . . . 1 . . . . . . . . . . . . . . . . Overload Shots . | . . . . . . . . . . . . . . . . . . . . . . . Overflow Damage 3490 | . 9 . . 707 . 173 . 978 1084 . . 358 . . . . 83 43 . 7 48 . Projectiles 8 | . 8 . . . . . . . . . . . . . . . . . . . . . Explosions 10 | . 1 . . . . 9 . . . . . . . . . . . . . . . . Melee 3472 | . . . . 707 . 164 . 978 1084 . . 358 . . . . 83 43 . 7 48 . Knockbacks 10 | . . . . 7 . . . 1 2 . . . . . . . . . . . . . Impact 10 | . . . . 7 . . . 1 2 . . . . . . . . . . . . . Kinetic . | . . . . . . . . . . . . . . . . . . . . . . . Secondary . | . . . . . . . . . . . . . . . . . . . . . . . Self-Inflicted Damage 82 | . 32 . . . . 11 . . 27 . . . . . . . . . . . . 12 Shots 3 | . 1 . . . . 1 . . 1 . . . . . . . . . . . . . Rammed 16 | . . . . . . . . . . . . . . . . . . . . . . 16 Targets Rammed 16 | . . . . . . . . . . . . . . . . . . . . . . 16 Kicked . | . . . . . . . . . . . . . . . . . . . . . . . Crushed . | . . . . . . . . . . . . . . . . . . . . . . . Highest Temperature 206 | . 40 . . 164 . 8 . 206 202 69 . 137 . . . . . . . . . . Average Temperature 58 | . 11 . . 91 . 8 . 95 84 51 . 81 . . . . . . . . . . Received Heat Transfer 844 | . 132 . . 132 . . . 48 297 . 9 . . 9 33 27 . . 9 85 . 63 Siege Activations . | . . . . . . . . . . . . . . . . . . . . . . . Martial Activations . | . . . . . . . . . . . . . . . . . . . . . . . Shielding Activations . | . . . . . . . . . . . . . . . . . . . . . . . Robots Disrupted . | . . . . . . . . . . . . . . . . . . . . . . . Combat Hostiles . | . . . . . . . . . . . . . . . . . . . . . . . Robots Corrupted 25 | . . . . 8 . 2 . 4 10 . . 1 . . . . . . . . . . Combat Hostiles 17 | . . . . 7 . 1 . . 8 . . 1 . . . . . . . . . . Parts Fried 26 | . . . . 6 . 3 . 2 14 . . 1 . . . . . . . . . . Impact Corruptions 97 | . . . . 27 . 6 . 23 32 . . 9 . . . . . . . . . . Robots Melted . | . . . . . . . . . . . . . . . . . . . . . . . Combat Hostiles . | . . . . . . . . . . . . . . . . . . . . . . . Parts Melted . | . . . . . . . . . . . . . . . . . . . . . . . Heat Transferred 211 | . 161 . . . . 50 . . . . . . . . . . . . . . . . Parts Sabotaged . | . . . . . . . . . . . . . . . . . . . . . . . Parts Stolen . | . . . . . . . . . . . . . . . . . . . . . . . Parts Stripped . | . . . . . . . . . . . . . . . . . . . . . . . Power Chain Reactions 4 | . 1 . . . . 3 . . . . . . . . . . . . . . . . Alert | -11 -10 -10 -8 -6 -6 -6 -6 -5 -5 -5 -5 -5 -4 -4 -4 -4 -4 -4 -3 -3 -2 -1 ------- Run | Yrd Mat Sub Scr Fac Low Low Dat Pro Fac Upp Upp Zhi Pro Fac Ext Cet Arc Hub Res Tes Res Acc Maximum Alert Level 1 | . 1 . . . . . . . 1 . . . . 1 1 . . . . 1 . 1 Low Security (%) 90 | 100 92 . . 100 . . . . 76 . . . . 92 68 100 100 100 100 99 100 85 Level 1 9 | . 7 . . . . . . . 23 . . . . 7 31 . . . . . . 14 Level 2 . | . . . . . . . . . . . . . . . . . . . . . . . Level 3 . | . . . . . . . . . . . . . . . . . . . . . . . Level 4 . | . . . . . . . . . . . . . . . . . . . . . . . Level 5 . | . . . . . . . . . . . . . . . . . . . . . . . High Security . | . . . . . . . . . . . . . . . . . . . . . . . Max Security . | . . . . . . . . . . . . . . . . . . . . . . . Peak Influence 286 | . 233 . . 172 . . . . 263 . . . . 258 286 . 20 60 15 201 101 213 Initial 87 | . . . . . . . . . . . . . . 21 39 . . . 13 . 87 60 Average 76 | . 55 . . 74 . . . . 72 . . . . 73 151 . 3 36 4 65 64 161 Influence Increases 4000 | . 479 . . 554 . 250 . 100 541 . 155 15 45 395 441 . 22 86 25 374 184 334 Destroy 0b10 Robot/C 1400 | . 280 . . 320 . 160 . 60 340 . 20 . . 40 140 . . . . . . 40 Destroy 0b10 Robot/NC 185 | . 30 . . 25 . 10 . . 30 . . 15 . 20 20 . 5 15 . 5 10 . Destroy Leader 278 | . 64 . . 74 . 20 . 30 60 . . . . 14 16 . . . . . . . Allied During Kill 180 | . . . . . . 60 . 10 . . . . . 16 94 . . . . . . . Successful Hack 213 | . 22 . . 65 . . . . 9 . . . . 27 8 . . . . 64 18 . Select Force Hacks 80 | . 30 . . . . . . . . . . . . . . . . 50 . . . . Disable Machine 270 | . 30 . . 15 . . . . 15 . . . . 60 45 . 15 15 . 60 . 15 Destroy Structure 239 | . 8 . . 25 . . . . 12 . . . . 68 28 . 2 6 10 20 51 9 Partial Spotted 150 | . . . . . . . . . . . . . . 30 60 . . . . 15 30 15 Lose Combat Pursuer 1005 | . 15 . . 30 . . . . 75 . 135 . 45 120 30 . . . 15 210 75 255 Influence Decreases 3876 | . 270 161 48 449 105 246 4 100 337 204 40 130 10 350 521 . 22 60 51 219 238 311 Entered New Map 562 | . . 101 48 . 40 . 4 . . 77 . 115 . 14 41 . . . 13 . 68 41 Time Decay 2565 | . 270 60 . 389 65 226 . 80 277 127 30 15 10 180 246 . 22 60 29 149 160 170 Lost Part 325 | . . . . 50 . . . . 60 . 10 . . 6 10 . . . 9 70 10 100 Lost Ally 180 | . . . . 10 . 20 . 20 . . . . . . 130 . . . . . . . Purge Threat 244 | . . . . . . . . . . . . . . 150 94 . . . . . . . Squads Dispatched 48 | . 4 . . 13 . . . . 4 . 1 . . 5 2 . . 5 3 5 2 4 Investigation 23 | . 2 . . 6 . . . . 2 . 1 . . 3 . . . 4 2 1 1 1 Extermination 10 | . . . . 3 . . . . 2 . . . . . . . . . 1 2 1 1 Reinforcement 12 | . 2 . . 1 . . . . . . . . . 2 2 . . 1 . 2 . 2 Assault . | . . . . . . . . . . . . . . . . . . . . . . . Garrison 3 | . . . . 3 . . . . . . . . . . . . . . . . . . Intercept . | . . . . . . . . . . . . . . . . . . . . . . . Searches Triggered . | . . . . . . . . . . . . . . . . . . . . . . . Data Miner Redirects 1 | . . . . . . . . . . . . . . . . . . . . . 1 . Construction Impeded 1 | . . . . 1 . . . . . . . . . . . . . . . . . . Haulers Reinforced . | . . . . . . . . . . . . . . . . . . . . . . . Active Scanning Responses . | . . . . . . . . . . . . . . . . . . . . . . . Cargo Convoy Interrupts . | . . . . . . . . . . . . . . . . . . . . . . . Stealth | -11 -10 -10 -8 -6 -6 -6 -6 -5 -5 -5 -5 -5 -4 -4 -4 -4 -4 -4 -3 -3 -2 -1 --------- Run | Yrd Mat Sub Scr Fac Low Low Dat Pro Fac Upp Upp Zhi Pro Fac Ext Cet Arc Hub Res Tes Res Acc Distress Signals 18 | . 2 . . 3 . . . . 1 . . . . 2 4 1 . . . 3 . 2 Communications Jammed . | . . . . . . . . . . . . . . . . . . . . . . . Distress Signals . | . . . . . . . . . . . . . . . . . . . . . . . Times Spotted 236 | . 27 . . 22 . 6 . 3 24 . 16 . 3 12 21 5 5 4 4 25 6 53 Peak Tracking Total 20 | . 6 . . 4 . 4 . 2 9 . 9 . 3 6 9 5 4 4 2 16 4 20 Tactical Retreats 34 | . 1 . . 2 . . . . 3 . 4 . 2 5 2 . . . 1 5 2 7 Traps | -11 -10 -10 -8 -6 -6 -6 -6 -5 -5 -5 -5 -5 -4 -4 -4 -4 -4 -4 -3 -3 -2 -1 ------- Run | Yrd Mat Sub Scr Fac Low Low Dat Pro Fac Upp Upp Zhi Pro Fac Ext Cet Arc Hub Res Tes Res Acc Traps Triggered 7 | . 1 . . . . . . . 2 . . . . . 2 . . 1 . . . 1 Indirectly . | . . . . . . . . . . . . . . . . . . . . . . . Trap Hack Attempts . | . . . . . . . . . . . . . . . . . . . . . . . Triggered . | . . . . . . . . . . . . . . . . . . . . . . . Disarmed . | . . . . . . . . . . . . . . . . . . . . . . . Reprogrammed . | . . . . . . . . . . . . . . . . . . . . . . . Reused 1 | . . . . . . . . 1 . . . . . . . . . . . . . . Traps Extracted . | . . . . . . . . . . . . . . . . . . . . . . . Installed 1 | . . . . . . . . 1 . . . . . . . . . . . . . . Triggered 1 | . . . . . . . . 1 . . . . . . . . . . . . . . Most Traps Carried 2 | . . . 2 2 2 2 2 2 1 . . . . . . . . . . . . . Machines | -11 -10 -10 -8 -6 -6 -6 -6 -5 -5 -5 -5 -5 -4 -4 -4 -4 -4 -4 -3 -3 -2 -1 ---------- Run | Yrd Mat Sub Scr Fac Low Low Dat Pro Fac Upp Upp Zhi Pro Fac Ext Cet Arc Hub Res Tes Res Acc Machines Disabled 19 | . 2 . . 1 . . . . 1 . . . . 4 3 . 1 1 . 5 . 1 Max in Single Turn 1 | . 1 . . 1 . . . . 1 . . . . 1 . . 1 1 . 1 . 1 Garrison Access 5 | . . . . 1 . . . . 1 . . . . 2 . . . . . . . 1 Network Hub 1 | . . . . . . . . . . . . . . . . . . 1 . . . . Energy Cycler 3 | . . . . . . . . . . . . . . . 3 . . . . . . . Machines Repaired . | . . . . . . . . . . . . . . . . . . . . . . . Machines Dismantled . | . . . . . . . . . . . . . . . . . . . . . . . Machines Sabotaged 1 | . . . . . . . . . . . . . . . . . . 1 . . . . Overloaded Fab Kills . | . . . . . . . . . . . . . . . . . . . . . . . Hacking | -11 -10 -10 -8 -6 -6 -6 -6 -5 -5 -5 -5 -5 -4 -4 -4 -4 -4 -4 -3 -3 -2 -1 --------- Run | Yrd Mat Sub Scr Fac Low Low Dat Pro Fac Upp Upp Zhi Pro Fac Ext Cet Arc Hub Res Tes Res Acc Machines Accessed 82 | . 6 . 7 12 1 . 4 . 7 3 1 9 . 9 3 . . 4 2 7 2 5 Terminals 35 | . 4 . . 6 . . . . 3 . 1 . . 4 3 . . 4 . 6 1 3 Fabricators 8 | . . . . 2 . . . . 2 . . . . 1 . . . . . 1 1 1 Repair Stations 2 | . . . . 1 . . . . 1 . . . . . . . . . . . . . Recycling Units 8 | . 2 . . 2 . . . . . . . . . 2 . . . . 2 . . . Scanalyzers . | . . . . . . . . . . . . . . . . . . . . . . . Garrison Access 5 | . . . . 1 . . . . 1 . . . . 2 . . . . . . . 1 Total Hacks 323 | . 21 . 55 29 1 . 27 . 15 8 4 47 . 33 13 . . 7 3 42 5 13 Successful 264 | . 14 . 55 14 1 . 27 . 10 8 4 47 . 22 9 . . 6 3 34 5 5 Failed 58 | . 7 . . 15 . . . . 5 . . . . 11 4 . . 1 . 7 . 8 Catastrophic 8 | . 1 . . 3 . . . . 1 . . . . . . . . . . 1 . 2 Database Lockouts 1 | . . . . . . . . . . . . . . . . . . . . 1 . . Manual 87 | . 11 . . 10 . . . . 7 . . . . 17 8 . . 6 2 22 . 4 Terminals 135 | . 17 . . 16 . . . . 6 . 4 . . 23 13 . . 7 . 40 3 6 Fabricators 26 | . . . . 6 . . . . 6 . . . . 6 . . . . . 2 2 4 Repair Stations 3 | . . . . 2 . . . . 1 . . . . . . . . . . . . . Recycling Units 12 | . 4 . . 3 . . . . . . . . . 2 . . . . 3 . . . Scanalyzers . | . . . . . . . . . . . . . . . . . . . . . . . Garrison Access 9 | . . . . 2 . . . . 2 . . . . 2 . . . . . . . 3 Terminal Hacks 209 | . 6 . 55 4 1 . 27 . 3 8 4 47 . 14 6 . . 2 . 28 3 1 Record 116 | . . . 48 . . . 11 . . 6 4 36 . 7 1 . . . . 3 . . Part Schematic 19 | . . . . 1 . . 8 . 1 . . 3 . 2 1 . . . . 3 . . Robot Schematic 5 | . . . . . . . 5 . . . . . . . . . . . . . . . Robot Analysis 13 | . . . 6 . . . . . . . . 4 . 1 . . . . . 2 . . Prototype ID Bank 11 | . . . . 1 . . 3 . . . . 4 . . . . . 1 . 2 . . Open Door 5 | . . . . . 1 . . . . 2 . . . . . . . . . 1 . 1 Level Access Points 2 | . . . . . . . . . . . . . . . . . . 1 . 1 . . Branch Access Points 4 | . . . . 1 . . . . 1 . . . . 1 . . . . . 1 . . Emergency Access Points 1 | . . . . . . . . . . . . . . . . . . . . 1 . . Machine Index 1 | . . . . . . . . . . . . . . . . . . . . 1 . . Terminal Index 3 | . 1 . . . . . . . . . . . . . 1 . . . . . 1 . Fabricator Index 1 | . . . . . . . . . 1 . . . . . . . . . . . . . Alert Level 1 | . . . . . . . . . . . . . . . . . . . . . 1 . Unreport Threat 4 | . . . . . . . . . . . . . . 1 2 . . . . 1 . . Locate Traps 4 | . 1 . . 1 . . . . . . . . . 1 . . . . . . 1 . Reprogram Traps 2 | . . . . . . . . . . . . . . . . . . . . 2 . . Maintenance Status 1 | . . . . . . . . . . . . . . . . . . . . 1 . . Security Status 1 | . . . . . . . . . . . . . . . . . . . . 1 . . Surveillance Status 1 | . . . . . . . . . . . . . . . . . . . . 1 . . Patrol Status 1 | . . . . . . . . . . . . . . . . . . . . 1 . . Transport Status 1 | . 1 . . . . . . . . . . . . . . . . . . . . . Recall Investigation 1 | . . . . . . . . . . . . . . 1 . . . . . . . . Recall Extermination 1 | . . . . . . . . . . . . . . . . . . . . 1 . . Hauler Manifests 2 | . . . . . . . . . . . . . . . 1 . . . . 1 . . Registered Components 2 | . 1 . . . . . . . . . . . . . . . . . . 1 . . Registered Prototypes 1 | . . . . . . . . . . . . . . . . . . . . 1 . . Zone Layout 4 | . 2 . . . . . . . . . . . . . . . . . . 2 . . Proto ID Catalog 1 | . . . 1 . . . . . . . . . . . . . . . . . . . Fabricator Hacks 16 | . . . . 4 . . . . 4 . . . . 2 . . . . . 2 2 2 Load Schematic 8 | . . . . 2 . . . . 2 . . . . 1 . . . . . 1 1 1 Build 8 | . . . . 2 . . . . 2 . . . . 1 . . . . . 1 1 1 Repair Station Hacks . | . . . . . . . . . . . . . . . . . . . . . . . Recycling Unit Hacks 1 | . . . . . . . . . . . . . . . . . . . 1 . . . Retrieve Components 1 | . . . . . . . . . . . . . . . . . . . 1 . . . Scanalyzer . | . . . . . . . . . . . . . . . . . . . . . . . Garrison Access Hacks 5 | . . . . 1 . . . . 1 . . . . 2 . . . . . . . 1 Seal Access 5 | . . . . 1 . . . . 1 . . . . 2 . . . . . . . 1 Unauthorized Hacks 33 | . 8 . . 5 . . . . 2 . . . . 4 3 . . 4 2 4 . 1 Terminals 22 | . 7 . . 3 . . . . 1 . . . . . 3 . . 4 . 4 . . Assimilate 2 | . . . . 1 . . . . . . . . . . 1 . . . . . . . Botnet 8 | . 3 . . 1 . . . . 1 . . . . . 1 . . . . 2 . . Disrupt 3 | . . . . 1 . . . . . . . . . . 1 . . . . 1 . . Operators 2 | . 1 . . . . . . . . . . . . . . . . . . 1 . . Skim 3 | . 3 . . . . . . . . . . . . . . . . . . . . . Sabotage 4 | . . . . . . . . . . . . . . . . . . 4 . . . . Fabricators 4 | . . . . . . . . . 1 . . . . 2 . . . . . . . 1 Prioritize 3 | . . . . . . . . . 1 . . . . 1 . . . . . . . 1 Fabnet 1 | . . . . . . . . . . . . . . 1 . . . . . . . . Repair Stations . | . . . . . . . . . . . . . . . . . . . . . . . Recycling Units 7 | . 1 . . 2 . . . . . . . . . 2 . . . . 2 . . . Tunnel 1 | . 1 . . . . . . . . . . . . . . . . . . . . . Fedlink 3 | . . . . 1 . . . . . . . . . . . . . . 2 . . . Scrapoids 3 | . . . . 1 . . . . . . . . . 2 . . . . . . . . Scanalyzers . | . . . . . . . . . . . . . . . . . . . . . . . Garrison Access . | . . . . . . . . . . . . . . . . . . . . . . . Data Cores Recovered . | . . . . . . . . . . . . . . . . . . . . . . . Used . | . . . . . . . . . . . . . . . . . . . . . . . Hacking Detections 43 | . 4 . . 11 . . . . 7 . 1 . . 5 3 . . . . 6 2 4 Full Trace Events 11 | . . . . 4 . . . . 2 . 1 . . 1 . . . . . 1 1 1 Feedback Events . | . . . . . . . . . . . . . . . . . . . . . . . Feedback Blocked . | . . . . . . . . . . . . . . . . . . . . . . . Robot Schematics Acquired 5 | . . . . . . . 5 . . . . . . . . . . . . . . . Robots Built . | . . . . . . . . . . . . . . . . . . . . . . . Authchips . | . . . . . . . . . . . . . . . . . . . . . . . Time . | . . . . . . . . . . . . . . . . . . . . . . . Total Robot Build Rating . | . . . . . . . . . . . . . . . . . . . . . . . Part Schematics Acquired 19 | . . . . 1 . . 8 . 1 . . 3 . 2 1 . . . . 3 . . Parts Built 10 | . . . . 2 . . . . 2 . . . . 2 . . . . . 1 1 2 Authchips . | . . . . . . . . . . . . . . . . . . . . . . . Time 509 | . . . . 175 . . . . 175 . . . . 36 . . . . . 50 50 23 Total Part Build Rating 54 | . . . . 14 . . . . 14 . . . . 6 . . . . . 5 5 10 Parts Repaired . | . . . . . . . . . . . . . . . . . . . . . . . Time . | . . . . . . . . . . . . . . . . . . . . . . . Parts Recycled . | . . . . . . . . . . . . . . . . . . . . . . . Recycled Matter . | . . . . . . . . . . . . . . . . . . . . . . . Retrieved Matter . | . . . . . . . . . . . . . . . . . . . . . . . Retrieved Components 1 | . . . . . . . . . . . . . . . . . . . 1 . . . Parts Scanalyzed . | . . . . . . . . . . . . . . . . . . . . . . . Part Schematics Acquired . | . . . . . . . . . . . . . . . . . . . . . . . Parts Damaged . | . . . . . . . . . . . . . . . . . . . . . . . Bothacking | -11 -10 -10 -8 -6 -6 -6 -6 -5 -5 -5 -5 -5 -4 -4 -4 -4 -4 -4 -3 -3 -2 -1 ------------ Run | Yrd Mat Sub Scr Fac Low Low Dat Pro Fac Upp Upp Zhi Pro Fac Ext Cet Arc Hub Res Tes Res Acc Used RIF Installer . | . . . . . . . . . . . . . . . . . . . . . . . Robots Hacked 2 | . . . . . . . . 1 . . . . . . . . . . . 1 . . Non-combat . | . . . . . . . . . . . . . . . . . . . . . . . Combat . | . . . . . . . . . . . . . . . . . . . . . . . Robot Hacks Applied . | . . . . . . . . . . . . . . . . . . . . . . . Manual 2 | . . . . . . . . 1 . . . . . . . . . . . 1 . . Relay Couplers Released . | . . . . . . . . . . . . . . . . . . . . . . . Fabnet Peak Effective % 3 | . . . . . . . . . . . . . . . . . . . 3 3 1 . Robots Rewired 3 | . . . . . . . . . . . . . . . 3 . . . . . . . Allies Hacked 1 | . . . . . . . . 1 . . . . . . . . . . . . . . Hacks Repelled . | . . . . . . . . . . . . . . . . . . . . . . . Allies | -11 -10 -10 -8 -6 -6 -6 -6 -5 -5 -5 -5 -5 -4 -4 -4 -4 -4 -4 -3 -3 -2 -1 -------- Run | Yrd Mat Sub Scr Fac Low Low Dat Pro Fac Upp Upp Zhi Pro Fac Ext Cet Arc Hub Res Tes Res Acc Total Allies 27 | . . . . 6 . . . . . . . . . 10 8 . . . . . . 3 Largest Group 12 | . . . . 5 5 5 3 3 . . . . . 10 12 . . . . . . 3 Highest-Rated Group 538 | . . . . 140 140 140 84 84 . . . . . 466 538 . . . . . . 379 Highest-Rated Ally 135 | . . . . 28 28 28 28 28 . . . . . 50 49 . . . . . . 135 Total Orders . | . . . . . . . . . . . . . . . . . . . . . . . Ally Attacks 134 | . . . . . . 23 . 19 . . . . . 11 80 . . . . . . 1 Total Damage 4351 | . . . . . . 291 . 341 . . . . . 653 3042 . . . . . . 24 Kills 24 | . . . . . . 4 . 2 . . . . . 3 15 . . . . . . . Allies Corrupted . | . . . . . . . . . . . . . . . . . . . . . . . Allies Melted . | . . . . . . . . . . . . . . . . . . . . . . . Intel | -11 -10 -10 -8 -6 -6 -6 -6 -5 -5 -5 -5 -5 -4 -4 -4 -4 -4 -4 -3 -3 -2 -1 ------- Run | Yrd Mat Sub Scr Fac Low Low Dat Pro Fac Upp Upp Zhi Pro Fac Ext Cet Arc Hub Res Tes Res Acc Active Infowar (turns) 9990 | . . . 1005 1457 1178 1133 102 796 1113 266 373 92 104 385 558 40 93 120 113 373 339 350 Optics 3150 | . . . . . . . . . . 210 373 92 104 385 558 40 93 120 113 373 339 350 Sensors 2525 | . . . . 1266 158 . . . . . . . . . . . . 107 113 373 324 184 IFF 4772 | . . . . . 867 1133 102 796 1106 258 299 . . . . . . . . . . 211 Terrain 1261 | . . . . . . . . . . . . . . 385 558 4 88 120 106 . . . Structural 407 | . . . . 407 . . . . . . . . . . . . . . . . . . Seismic 1690 | . . . 1005 57 . . . . . . . . . 50 558 20 . . . . . . Decoding 1181 | . . . . . . . . . 11 266 373 92 104 335 . . . . . . . . Machine Analysis 1700 | . . . . 1388 312 . . . . . . . . . . . . . . . . . Robot Analysis Total 13 | . . . 6 . . . . . . . . 4 . 1 . . . . . 2 . . Derelict Logs Recovered 10 | . . 1 1 . 1 1 . 1 . 2 2 . 1 . . . . . . . . . Drone Launches . | . . . . . . . . . . . . . . . . . . . . . . . Drone Recoveries . | . . . . . . . . . . . . . . . . . . . . . . . Decoded 0b10 Intel 10 | . . . . . . . . . . . . . . 10 . . . . . . . . Garrisons 1 | . . . . . . . . . . . . . . 1 . . . . . . . . Patrols 2 | . . . . . . . . . . . . . . 2 . . . . . . . . Investigations 3 | . . . . . . . . . . . . . . 3 . . . . . . . . Guards 4 | . . . . . . . . . . . . . . 4 . . . . . . . . Exploration | -11 -10 -10 -8 -6 -6 -6 -6 -5 -5 -5 -5 -5 -4 -4 -4 -4 -4 -4 -3 -3 -2 -1 ------------- Run | Yrd Mat Sub Scr Fac Low Low Dat Pro Fac Upp Upp Zhi Pro Fac Ext Cet Arc Hub Res Tes Res Acc Turns Passed 13454 | 79 1184 126 2900 1457 1178 1189 102 844 1189 266 373 92 104 385 558 40 93 120 113 373 339 350 Spaces Moved 12098 | 43 596 70 2509 776 762 880 78 584 602 426 523 173 209 624 972 85 60 223 219 622 455 607 Core 220 | 3 . . 203 . . . . . . . . . . . . . . . . . . 14 Treads 1461 | 40 596 70 700 . . . . . 55 . . . . . . . . . . . . . Legs 3182 | . . . . 351 762 880 78 584 527 . . . . . . . . . . . . . Wheels 2043 | . . . 1606 425 . . . . 12 . . . . . . . . . . . . . Hover 5 | . . . . . . . . . . . . . . . . . . . . . . 5 Flight 5187 | . . . . . . . . . 8 426 523 173 209 624 972 85 60 223 219 622 455 588 Fastest Speed 34 | 50 160 160 50 100 133 130 132 132 45 45 45 45 45 35 35 35 35 35 34 34 37 37 Average Speed 89 | 152 160 160 113 121 133 132 132 132 139 45 45 45 46 37 35 35 35 35 34 34 37 40 Slowest Speed 260 | 160 160 160 160 133 133 133 132 132 260 45 125 45 47 47 35 35 35 37 34 40 40 150 Overloaded Moves . | . . . . . . . . . . . . . . . . . . . . . . . Propulsion Burnouts . | . . . . . . . . . . . . . . . . . . . . . . . Robots Hopped 38 | . . . . . . . . . . . 1 . . 1 4 2 . . . 14 . 16 Potential Cave-ins . | . . . . . . . . . . . . . . . . . . . . . . . Cave-ins Triggered . | . . . . . . . . . . . . . . . . . . . . . . . Teleports 1 | . . . . . . . . . . . . . . . . . . . . . . 1 Exploration Rate (%) 51 | 5 84 7 95 19 90 94 68 75 15 66 70 63 51 25 84 64 77 28 8 56 14 21 Regions Visited 22 Branch Regions 15 Pre-discovered Areas 12 | . 1 . 5 . 1 . 1 . . 1 . 3 . . . . . . . . . . Known Exits Taken 10 | . . . . 1 . . . 1 1 1 . . 1 1 . . . 1 1 1 1 . Unknown Exits Taken 12 | 1 1 1 1 . 1 1 1 . . . 1 1 . . 1 1 1 . . . . . Scrap Searched 19 | . . . 5 . 2 5 . . . 2 2 . 3 . . . . . . . . . Spaces Dug 97 | . 8 . . 18 1 . . 2 6 1 3 . 2 17 . . 1 3 5 10 17 3 Terrain Destroyed 113 | . 8 . . 27 1 7 . 2 6 1 3 . 2 17 . . 1 3 5 10 17 3 Melee 89 | . . . . 18 1 . . 2 6 1 3 . 2 17 . . 1 3 5 10 17 3 Projectile . | . . . . . . . . . . . . . . . . . . . . . . . AOE 24 | . 8 . . 9 . 7 . . . . . . . . . . . . . . . . Terrain Rammed . | . . . . . . . . . . . . . . . . . . . . . . . Walls Destroyed . | . . . . . . . . . . . . . . . . . . . . . . . Machines Disabled . | . . . . . . . . . . . . . . . . . . . . . . . Actions | -11 -10 -10 -8 -6 -6 -6 -6 -5 -5 -5 -5 -5 -4 -4 -4 -4 -4 -4 -3 -3 -2 -1 --------- Run | Yrd Mat Sub Scr Fac Low Low Dat Pro Fac Upp Upp Zhi Pro Fac Ext Cet Arc Hub Res Tes Res Acc Total 14081 | 54 709 86 2573 1176 926 899 77 617 858 500 652 179 211 725 1177 92 97 246 246 730 583 668 Wait 1296 | . 27 8 . 288 152 1 . 3 146 57 123 . . 57 156 9 18 5 14 91 100 41 Move 12006 | 42 595 69 2508 775 761 879 77 583 601 425 520 172 208 621 964 81 59 222 218 593 454 579 Hop 31 | . . . . . . . . . . . 1 . . 1 3 1 . . . 14 . 11 Pick Up 85 | 6 7 3 32 7 3 3 . . 4 4 . 1 . 5 . . 2 1 2 3 1 1 Fast Attach 81 | 6 3 1 7 9 1 1 . . 18 3 . 2 1 7 2 . . 4 . 2 6 8 Attach 39 | . 1 . 5 6 2 1 . 1 5 3 1 . . 4 . . 2 . 2 3 2 1 Detach 10 | . . . . 2 . . . . 3 1 . . . 1 . . . 1 . 1 1 . Swap 54 | . 7 . 2 17 1 5 . 5 9 . 2 . . . 1 1 . . 3 1 . . Drop 86 | . 3 5 19 9 5 5 . 1 15 6 1 . . 5 3 . . 4 2 3 . . Fire 75 | . 66 . . 2 . 2 . 2 1 . 1 . . . . . . . . 1 . . Melee 257 | . . . . 61 1 2 . 21 56 1 3 4 2 24 4 . 16 9 5 18 19 11 Ram 16 | . . . . . . . . . . . . . . . . . . . . . . 16 Kick . | . . . . . . . . . . . . . . . . . . . . . . . Crush . | . . . . . . . . . . . . . . . . . . . . . . . Escape Stasis 25 | . . . . . . . . . . . . . . . 25 . . . . . . . Rewire 19 | . . . . . . . . . . . . . . . 19 . . . . . . . Trap 1 | . . . . . . . . 1 . . . . . . . . . . . . . . Miscellaneous . | . . . . . . . . . . . . . . . . . . . . . . . Route ------- -11/Scrapyard -10/Materials (discovered 5 exits: [*Mat x2] / [*Min x2] / [*Sub]) -10/Subcaves (discovered 2 exits: Mat / *Scr) -8/Scraptown (discovered 2 exits: *Fac x2) -6/Factory (discovered 6 exits: Fac x4 / *Low x2) -6/Lower Caves -6/Lower Caves (discovered 2 exits: *Fac / *Dat) -6/Data Miner -5/Proximity Caves -5/Factory (discovered 3 exits: Fac / *Upp x2) -5/Upper Caves -5/Upper Caves (discovered 2 exits: *Fac / *Zhi) -5/Zhirov -4/Proximity Caves -4/Factory (discovered 6 exits: *Res / *Upp x2 / *Ext x2 / Arm) -4/Extension (discovered 3 exits: *Res x2 / *Cet) -4/Cetus -4/Archives (discovered 2 exits: *Hub x2) -4/Hub_04(d) (discovered 4 exits: *Res x4) -3/Research (discovered 3 exits: Res / *Tes x2) -3/Testing -2/Research -1/Access (discovered 2 exits: *Sur / Com) To Epsilon Eridani History --------- Turn | Location | Event 6 | -11/Scrapyard | Discovered new exit (range 16) 80 | -11/Scrapyard | Entered Materials 308 | -10/Materials | Build established: Mutant 313 | -10/Materials | Discovered new exit (range 7) 673 | -10/Materials | Discovered new exit (range 14) 794 | -10/Materials | Discovered new exit (range 13) 955 | -10/Materials | Discovered new exit (range 9) 1258 | -10/Materials | Discovered new exit (range 5) 1264 | -10/Materials | Entered Subcaves 1265 | -10/Subcaves | Approached by a straggling Scientist 1375 | -10/Subcaves | Scientist uncovered a shortcut to Scraptown 1375 | -10/Subcaves | Identified exit to Materials 1390 | -10/Subcaves | Entered Scraptown 1963 | -8/Scraptown | Visited Junk Repository 2006 | -8/Scraptown | Visited Fellowship of the Rings 2045 | -8/Scraptown | Visited IN-MT5's Study 2113 | -8/Scraptown | Visited Cyclists 2142 | -8/Scraptown | Heard Great Nut preacher, LISTEN AND RECITE! 2488 | -8/Scraptown | Discovered new exit (range 5) 2577 | -8/Scraptown | Scanned Subdweller tech in exchange for log data 2608 | -8/Scraptown | Visited Shadow of the Wyrm 2622 | -8/Scraptown | Visited The Evicted 2683 | -8/Scraptown | Visited Cave Peace 2755 | -8/Scraptown | Visited UFD Registry 2755 | -8/Scraptown | Registered with UFD as "Ionbay" 2776 | -8/Scraptown | Visited LU-1G1's Boring Crew 2838 | -8/Scraptown | Visited Abandonware Association 2855 | -8/Scraptown | Learned abandonware demo "MELTYB.EXE" 2895 | -8/Scraptown | Delivered Scrap Shield to a Scientist 3028 | -8/Scraptown | Visited Scrapoid Research Area 3070 | -8/Scraptown | Visited Research Penetration Think Tank 3096 | -8/Scraptown | Visited Cartography Club 3109 | -8/Scraptown | Visited A0-MCA Data Center 3126 | -8/Scraptown | Visited Analyses Database 3152 | -8/Scraptown | Visited Junk Repository 3170 | -8/Scraptown | Visited Science Guys 3290 | -8/Scraptown | Given a B- rating by A0-MCA 3294 | -8/Scraptown | Found A0-MCA's Component Scanner 3353 | -8/Scraptown | Found Surveybot 17 Chip 3444 | -8/Scraptown | Discovered new exit (range 5) 3837 | -8/Scraptown | Learned location of Proximity Caves (-6) 3837 | -8/Scraptown | Learned location of Hub_04(d) (-4) 3837 | -8/Scraptown | Learned location of Quarantine (-2) 3837 | -8/Scraptown | Learned 8 Materials zone layouts 3837 | -8/Scraptown | Learned 12 Factory zone layouts 3837 | -8/Scraptown | Learned 16 Factory zone layouts 3837 | -8/Scraptown | Learned 4 Access zone layouts 3837 | -8/Scraptown | Learned 16 Upper Caves zone layouts 3837 | -8/Scraptown | Learned 24 Upper Caves zone layouts 3837 | -8/Scraptown | Learned 12 Proximity Caves zone layouts 3837 | -8/Scraptown | Learned Factory emergency access door positions 3837 | -8/Scraptown | Learned location of 1 exit from Proximity Caves 3837 | -8/Scraptown | Learned location of 3 exits from Proximity Caves 3843 | -8/Scraptown | Found Deep Structural Scanner 4190 | -8/Scraptown | Build established: Derelict-Mutant 4290 | -8/Scraptown | Entered Factory 4290 | -6/Factory | Evolved 8 slots: Power x1, Propulsion x3, Utility x4 4291 | -6/Factory | Identified exit to Factory 4292 | -6/Factory | Identified exit to Lower Caves 4505 | -6/Factory | Loaded intel: 8 recycling unit locations 4602 | -6/Factory | Build established: Derelict-Gladiator 4781 | -6/Factory | Fabricated Shield Leg (x1) 4802 | -6/Factory | Garrison activated, responded to threat 5024 | -6/Factory | Fabricated Shield Leg? 5109 | -6/Factory | Build established: Gladiator 5692 | -6/Factory | Build established: Scavenger-Gladiator 5721 | -6/Factory | Scrapoid reinforcements arrived 5747 | -6/Factory | Entered Lower Caves 5747 | -6/Lower Caves | Accompanied by 5 allies 5749 | -6/Lower Caves | UFD Scientist delivered a prototype 5901 | -6/Lower Caves | Found Prototype Protection 6014 | -6/Lower Caves | Encountered a Warlord checkpoint 6016 | -6/Lower Caves | Build established: Commander-Gladiator 6060 | -6/Lower Caves | Identified Enh. Scrap Shield 6765 | -6/Lower Caves | Discovered new exit (range 9) 6925 | -6/Lower Caves | Entered another Lower Caves area 6925 | -6/Lower Caves | Accompanied by 5 allies 6936 | -6/Lower Caves | Discovered exit to Factory (range 10) 7291 | -6/Lower Caves | System corruption reached 10% 7876 | -6/Lower Caves | Discovered new exit (range 13) 8027 | -6/Lower Caves | Found Scrap Suit 8114 | -6/Lower Caves | Entered Data Miner 8114 | -6/Data Miner | Accompanied by 3 allies 8114 | -6/Data Miner | Discovered new exit (range 6) 8140 | -6/Data Miner | Met Data Miner 8174 | -6/Data Miner | Learned location of Section 7 (-2) 8174 | -6/Data Miner | Acquired the access code to Warlord's prototype stash 8180 | -6/Data Miner | Build established: Derelict-Gladiator 8186 | -6/Data Miner | Received God Mode back door access code from Data Miner 8216 | -6/Data Miner | Entered Proximity Caves 8216 | -5/Proximity Caves | Accompanied by 3 allies 8539 | -5/Proximity Caves | Build established: Derelict-Mutant 8619 | -5/Proximity Caves | Spotted B-75 Beast 8666 | -5/Proximity Caves | Destroyed B-75 Beast 8868 | -5/Proximity Caves | Learned location of 1 exit from Factory 8925 | -5/Proximity Caves | Build established: Derelict-Gladiator 9060 | -5/Proximity Caves | Entered Factory 9060 | -5/Factory | Evolved 2 slots: Utility x2 9061 | -5/Factory | Identified exit to Upper Caves 9062 | -5/Factory | Identified exit to Factory 9473 | -5/Factory | Fabricated Shield Leg (x1) 9487 | -5/Factory | Lost 4 parts (3n1u) 9543 | -5/Factory | Lost 3 parts (2p1u) 9855 | -5/Factory | Build established: Scavenger-Gladiator 9902 | -5/Factory | Fabricated Shield Leg (x1) 10013 | -5/Factory | Destroyed 9 combat bots 10249 | -5/Factory | Entered Upper Caves 10250 | -5/Upper Caves | Identified exit to Upper Caves 10255 | -5/Upper Caves | Learned location of Armory (-4) 10292 | -5/Upper Caves | Learned Factory security intel 10462 | -5/Upper Caves | Learned Extension stockpile data 10462 | -5/Upper Caves | Learned Armory security intel 10462 | -5/Upper Caves | Learned Armory terminal intel 10462 | -5/Upper Caves | Learned Armory garrison access intel 10497 | -5/Upper Caves | Encountered a Warlord checkpoint 10515 | -5/Upper Caves | Entered another Upper Caves area 10543 | -5/Upper Caves | Build established: Hacker-Mutant 10558 | -5/Upper Caves | Learned location of 1 exit from Factory 10582 | -5/Upper Caves | Learned Factory trap positions 10867 | -5/Upper Caves | Learned 6 Proximity Caves zone layouts 10867 | -5/Upper Caves | Learned Factory stockpile data 10886 | -5/Upper Caves | Discovered new exit (range 5) 10888 | -5/Upper Caves | Entered Zhirov 10888 | -5/Zhirov | Discovered new exit (range 3) 10897 | -5/Zhirov | Met Zhirov 10906 | -5/Zhirov | Learned location of Command (-1) 10915 | -5/Zhirov | Zhirov requested help retrieving the SGEMP Prototype 10923 | -5/Zhirov | Found Alien Artifact 10929 | -5/Zhirov | Found Alien Artifact 10929 | -5/Zhirov | Identified Integrated Dissipator 10929 | -5/Zhirov | Installed Integrated Dissipator, increased core heat dissipation (+20) 10980 | -5/Zhirov | Entered Proximity Caves 11018 | -4/Proximity Caves | Attracted the attention of an 0b10 checkpoint 11083 | -4/Proximity Caves | Learned location of 1 exit from Research 11084 | -4/Proximity Caves | Entered Factory 11084 | -4/Factory | Evolved 2 slots: Utility x2 11085 | -4/Factory | Identified exit to Research 11086 | -4/Factory | Identified exit to Armory 11087 | -4/Factory | Loaded intel: 90 trap records 11183 | -4/Factory | Discovered new exit (range 20) 11193 | -4/Factory | Found Imp. Powered Armor 11201 | -4/Factory | Identified exit to Upper Caves 11201 | -4/Factory | Identified exit to Extension 11345 | -4/Factory | Fabricated Imp. Propulsion Shielding? 11377 | -4/Factory | Scrapoids reinforcements arrived? 11399 | -4/Factory | Build established: Hacker-Scout 11444 | -4/Factory | Scrapoids reinforcements arrived? 11469 | -4/Factory | Entered Extension 11469 | -4/Extension | Accompanied by 10 allies 11486 | -4/Extension | Rescued a captive Derelict 11534 | -4/Extension | Energy Cycler disabled 11534 | -4/Extension | Rescued a captive Derelict 11535 | -4/Extension | Rescued a captive Derelict 11536 | -4/Extension | Rescued a captive Derelict 11539 | -4/Extension | Rescued a captive Derelict 11540 | -4/Extension | Rescued a captive Derelict 11541 | -4/Extension | Rescued a captive Derelict 11542 | -4/Extension | Rescued a captive Derelict 11551 | -4/Extension | Rescued a captive Derelict 11567 | -4/Extension | Lost 7 allies 11628 | -4/Extension | Spotted B-86 Titan 11923 | -4/Extension | Discovered exit to Research (range 20) 11923 | -4/Extension | Spotted B-86 Titan 12025 | -4/Extension | Discovered exit to Research (range 10) 12025 | -4/Extension | Discovered new exit (range 6) 12027 | -4/Extension | Entered Cetus 12033 | -4/Cetus | Spotted Cetus Guard 12033 | -4/Cetus | Spotted Cetus Guard 12033 | -4/Cetus | Spotted Cetus Guard 12033 | -4/Cetus | Spotted Cetus Guard 12060 | -4/Cetus | Discovered new exit (range 21) 12067 | -4/Cetus | Entered Archives 12091 | -4/Archives | Discovered new exit (range 19) 12129 | -4/Archives | Discovered new exit (range 20) 12160 | -4/Archives | Entered Hub_04(d) 12182 | -4/Hub_04(d) | Network Hub disabled 12202 | -4/Hub_04(d) | Spotted Lightning 12280 | -4/Hub_04(d) | Entered Research 12280 | -3/Research | Evolved 2 slots: Propulsion x1, Utility x1 12281 | -3/Research | Identified exit to Testing 12293 | -3/Research | Loaded intel: 5 recycling unit locations 12303 | -3/Research | Discovered exit to Testing (range 19) 12315 | -3/Research | Discovered new exit (range 17) 12384 | -3/Research | Found Spectral Analyzer 12393 | -3/Research | Entered Testing 12579 | -3/Testing | Spotted PX-56XPTHVRU8 12638 | -3/Testing | Identified exit to Research 12638 | -3/Testing | Central database locked down 12697 | -3/Testing | Spotted Striker 12710 | -3/Testing | Spotted Striker 12715 | -3/Testing | Spotted Alpha 7 12716 | -3/Testing | Fabricated Exp. Propulsion Shielding? 12716 | -3/Testing | Stole the SGEMP Prototype 12766 | -3/Testing | Entered Research 12766 | -2/Research | Evolved 2 slots: Utility x2 12784 | -2/Research | Lost 6 parts (1p3n2u) 12807 | -2/Research | Incoming investigation squad redirected 12838 | -2/Research | Fabricated Exp. Propulsion Shielding (x1) 12895 | -2/Research | Spotted B-90 Cyclops 12925 | -2/Research | Spotted B-90 Cyclops 13096 | -2/Research | Discovered new exit (range 5) 13097 | -2/Research | Identified exit to Access 13105 | -2/Research | Entered Access 13105 | -1/Access | Evolved 2 slots: Utility x2 13106 | -1/Access | Delivered the SGEMP Prototype to Zhirov 13106 | -1/Access | Zhirov transferred Access data 13107 | -1/Access | Loaded intel: 124 machine locations 13107 | -1/Access | Loaded intel: 71 trap records 13107 | -1/Access | Identified exit to Surface 13107 | -1/Access | Discovered exit to Surface (range 162) 13107 | -1/Access | Identified exit to Command 13107 | -1/Access | Discovered exit to Command (range 78) 13212 | -1/Access | Fabricated IFF Parser (x2) 13317 | -1/Access | Lost 5 parts (1p3u1w) 13400 | -1/Access | Identified Transdimensional Reconstructor 13400 | -1/Access | Warped through subspace 13404 | -1/Access | Spotted B-99 Colossus 13455 | *** | Escaped! Last Messages --------------- [Achievement: Slippery One] 13404_ W-44 Eye sends out distress signal. 13405_ Component scanned: Hvy. Reflective Plating [B-99 Colossus]. 13405_ K-01 Serf cleans the Repair Station. 13419_ Slug penetrates Wall. 13419_ Penetrated by Slug. 13420_ Slug penetrates Repair Station. 13423_ Slug penetrates Wall. 13427_ Cmb. Linear Gravjet destroyed. 13430_ U-05 Engineer builds a Wall. 13430_ Hacking Suite destroyed. 13452_ Connecting with Terminal... >>Open(Door) Sealed Barrier opened. 13453_ The Access Shell folds into the floor. [Achievement: 5k Club] [Achievement: 10k Club] [Achievement: 20k Club] [Achievement: Epsilon Run] Map ----- +----------------------------------------------------+ | ### # """ ################ # | | # # """ ####### ##### # | | # # " ####### # | | ### # ####### " # | | ### # ####### ######### | | ### ####+############ ########## | | ### #### ############ ########## | | ### ##################+############ ########## | | ### ############## """T""" / ########## | | ### # # """ """ # ########## | | ### # # # ########## | | ### # # # ########## | | # # " # # ########## | | + + """ # # ########## | | # # """ # # ########## | | # # " # #g ########## | | # # # # k########## | | ""# # ################## ########## | | ""# ############################### ########## | | # ############################### ########## | | # ####################### ####### ########## | | # ### """" ########## | | # ### BB """" ########## | | # ### BB """" ########## | | ### """" ########## | | ### """" "@ ########## | | ### """" "" ########## | | ### """" ########## | | ########## BB """" ########## | | ########## BB """" """ """ ########## | | ########## """" """T""" ########## | | ############################## ####### ########## | | ###################################### ########## | | ###################################### ########## | | ###################################### # # | | ###################################### # # | | ###################################### + ""# | | ###################################### # ""# | | ###################################### # T"# | | ###################################### # ""# | | ###################################### # ""# | | ###################################### # # | | ###################################### # # | | ###################################### ########## | | ######################################^^########## | | ######################################^^########## | | ###################################### ########## | | ###################################### ########## | | ###################################### # | | ###################################### # | +----------------------------------------------------+ Best States ------------- Heat Dissipation 72 Energy Generation 34 Energy Capacity 510 Matter Stores 385 Matter Capacity 450 Sight Range 24 Robot Scan Range 16 Terrain Scan Range 20 Terrain Scan Density 1210 Armor Coverage 800 Propulsion Shielding 90 Evasion (%) 73 Melee Accuracy 24 Recoil Reduction 2 Offensive Hacking 72 Defensive Hacking 10 Item Schematics ----------------- Shield Leg | -6/Factory | Hacked Combat Drone Bay | -6/Data Miner | Free Lgt. Regenerative Plating | -6/Data Miner | Free Enh. Flexi-carbon Leg | -6/Data Miner | Free Exp. Heat Sink | -6/Data Miner | Free Hvy. Proton Cannon | -6/Data Miner | Free Imp. Gyrokinetic Inverter | -6/Data Miner | Free Adv. Trap Scanner | -6/Data Miner | Free Hvy. Disruptor Cannon | -6/Data Miner | Free Thunder Leg | -5/Factory | Hacked Assault Drone Bay | -5/Zhirov | Free Exp. Optical Array | -5/Zhirov | Free Imp. Arc Thrower | -5/Zhirov | Free Imp. Propulsion Shielding | -4/Factory | Hacked Exp. Propulsion Shielding | -4/Factory | Hacked IFF Parser | -4/Extension | Hacked Med. Regenerative Plating | -3/Testing | Hacked Tactical Quantum Warhead | -3/Testing | Hacked Adv. Component Analysis Suite | -3/Testing | Hacked Robot Schematics ------------------ S-27 Virus | -6/Data Miner | Free Y-54 Guardian | -6/Data Miner | Free B-48 Gladiator | -6/Data Miner | Free E-15 Imp | -6/Data Miner | Free A-27 Freighter | -6/Data Miner | Free Fabricated ------------ Shield Leg | x1 | -6/Factory Shield Leg | x1 | -6/Factory Shield Leg | x1 | -5/Factory Shield Leg | x1 | -5/Factory Imp. Propulsion Shielding | x2 | -4/Factory Exp. Propulsion Shielding | x1 | -3/Testing Exp. Propulsion Shielding | x1 | -2/Research IFF Parser | x2 | -1/Access Repaired ---------- Nothing Alien Tech Used ----------------- Integrated Dissipator Transdimensional Reconstructor Achievements -------------- 10k Club 20k Club 5k Club A New Friend Adventurer Alien Tech Armchair Analyst Crack Shot Cya! Dangerous Findings Denied? Epsilon Run Everything Is Under Control Explorer Fist Fight GoHome() Hunted I Spy I'm Back, Baby! Just What I Needed Knowing Is Half The Battle Leap Before You Look Let's See Who's Tougher Librarian Made in Tau Ceti IV Maximum Efficiency Novice Programmer Omniscient Cartographer One Hack Too Far Origins Part-time Excavator Party Time Production Line Prolific Hacker Respectable Loadout Serviceable Loadout Shopping List Slippery One Special Delivery Storm Trooper Subspace Traveler System Compromised The More The Merrier The Oracle The Science Guy Tourist Troublemaker Universal Adapter root@ Challenges ------------ None Game ------ Seed CombatWeightGun Manual? 0 Play Time 03:43:57 Cumulative 4.2 hours Start 2025.07.03 @ 20:42:36 End 2025.07.04 @ 02:28:50 Sessions 3 Manual Loads 0 Difficulty Rogue Special Mode None Game No. 3 Rogue 3 Adventurer 0 Explorer 0 Win Type 0 Total 1 Types 1/0/0/0/0/0/0/0/0/0 Lore% 13 Gallery% 8 Achievement% 22 Wizard Run 0 Options --------- Layout 1 ASCII 0 Keyboard 0 Movement Mouse Keybinds 0 Fullscreen 1 Font 24/Smallcaps Map View 50x35 Zoom Use 0% Tactical HUD 1 Map Filters NONE Filters NONE Steam 1 RUN: 5d847484-b9df-415b-8189-e9a6fd82c495